 Dungeon Crawl Stone Soup version 0.21-a0-272-g984ae92 (webtiles) character file.

9905 tilp the Arsonist (level 11, 0/92 HPs)
             Began as a Hill Orc Fire Elementalist on Sept 14, 2017.
             Was a High Priest of Okawaru.
             Slain by an orc warrior
             ... wielding a +0 long sword
              (10 damage)
             ... on level 12 of the Dungeon on Sept 15, 2017.
             The game lasted 00:59:35 (16956 turns).

tilp the Arsonist (Hill Orc Fire Elementalist)     Turns: 16956, Time: 00:59:35

Health: 0/92       AC:  8    Str: 17    XL:     11   Next: 53%
Magic:  16/22      EV: 11    Int: 18    God:    Okawaru [*****.]
Gold:   623        SH:  1    Dex: 15    Spells: 10/25 levels left

rFire    + . .     SeeInvis .   v - +2 war axe of Zoseriu {freeze, rF+ Str+5 Dex+4}
rCold    . . .     Gourm    .   y - -2 buckler (curse)
rNeg     . . .     Faith    .   e - +0 robe
rPois    +         Spirit   .   (helmet restricted)
rElec    .         Reflect  .   (no cloak)
rCorr    .         Harm     .   O - +1 pair of gloves
MR       .....                  (no boots)
Stlth    ++........             (no amulet)
HPRegen  0.25/turn              u - +2 ring of protection
MPRegen  0.18/turn              l - ring of wizardry

@: no status effects
A: hooves 1, horns 1, iridescent scales 1, poison resistance, evolution 1
a: Heroism, Finesse, Renounce Religion


You were on level 12 of the Dungeon.
You worshipped Okawaru.
Okawaru was extremely pleased with you.
You were hungry.

You visited 2 branches of the dungeon, and saw 13 of its levels.
You also visited: Labyrinth.

You collected 623 gold pieces.

Inventory:

Hand Weapons
 v - the +2 war axe of Zoseriu (weapon) {freeze, rF+ Str+5 Dex+4}
   (You found it on level 5 of the Dungeon)

   It has been specially enchanted to freeze those struck by it, causing extra
   injury to most foes and up to half again as much damage against particularly
   susceptible opponents.
   It can also slow down cold-blooded creatures.
   It affects your strength (+5).
   It affects your dexterity (+4).
   It protects you from fire.
 x - a +3 executioner's axe of electrocution
Missiles
 H - 14 tomahawks (quivered)
Armour
 e - a +0 robe (worn)
 p - a cursed +0 helmet
 y - a cursed -2 buckler (worn)
 N - the +2 leather armour of Card Tricks {*Drain rPois Str-5 SInv}
   (You found it on level 10 of the Dungeon)

   It affects your strength (-5).
   It protects you from poison.
   It lets you see invisible.
   It causes draining when unequipped.
 O - a +1 pair of gloves (worn)
Magical Staves
 Y - an uncursed staff of summoning {unknown}
Jewellery
 l - a ring of wizardry (right hand)
 u - a +2 ring of protection (left hand)
 z - an uncursed ring of ice
 K - an uncursed ring of positive energy
 M - an uncursed ring of stealth
 Q - an uncursed ring of protection from magic
Wands
 I - a wand of clouds (5/9)
 R - a wand of lightning (6/15)
 S - a wand of iceblast (7/15)
 T - a wand of clouds (6/9)
 V - a wand of scattershot (2/9)
 W - a wand of lightning (9/15)
Scrolls
 a - 6 scrolls of remove curse
 d - 3 scrolls of blinking {unknown}
 j - a scroll of enchant weapon {unknown}
 k - 2 scrolls of fog {unknown}
 n - 3 scrolls of amnesia
 q - 3 scrolls of teleportation
 s - 4 scrolls of magic mapping
 t - a scroll of fear {unknown}
 w - a scroll of identify
 F - 2 scrolls of immolation {unknown}
 J - a scroll of noise {unknown}
Potions
 f - 3 potions of curing
 h - 2 potions of berserk rage
 m - 2 potions of magic
 o - a potion of agility
 A - 4 potions of flight
 C - 2 potions of cancellation
 D - a potion of brilliance
 E - 4 potions of haste
 L - a potion of invisibility
 P - a potion of lignification
Books
 b - a book of Flames

   Spells                             Type                      Level
   a - Flame Tongue                   Conjuration/Fire             1
   b - Throw Flame                    Conjuration/Fire             2
   c - Conjure Flame                  Conjuration/Fire             3
   d - Inner Flame                    Hexes/Fire                   3
   e - Sticky Flame                   Conjuration/Fire             4
   f - Fireball                       Conjuration/Fire             5
Miscellaneous
 g - a fan of gales
Comestibles
 c - 6 bread rations
 i - 11 royal jellies
 r - 7 meat rations
 B - 4 fruits


   Skills:
 + Level 7.2 Fighting
 + Level 8.1 Axes
 - Level 1.5 Dodging
 - Level 1.5 Stealth
 + Level 7.7 Spellcasting
 - Level 8.0 Conjurations
 - Level 9.2 Fire Magic
 - Level 6.0 Invocations


You had 10 spell levels left.
You knew the following spells:

 Your Spells              Type           Power        Failure   Level  Hunger
a - Flame Tongue          Conj/Fire      #####        1%          1    None
b - Throw Flame           Conj/Fire      #####.       1%          2    None
c - Conjure Flame         Conj/Fire      #####...     1%          3    #......
d - Sticky Flame          Conj/Fire      #####...     1%          4    ###....
e - Fireball              Conj/Fire      #####.....   5%          5    #####..


Dungeon Overview and Level Annotations

Branches:
Dungeon (12/15)            Temple (1/1) D:6            Lair (0/6) D:11
    Orc (0/2) D:12

Altars:
Ashenzari
Cheibriados
Dithmenos
Elyvilon
Fedhas
Gozag
Hepliaklqana
Kikubaaqudgha
Makhleb
Nemelex Xobeh
Okawaru
Qazlal
Ru
Sif Muna
Trog
Uskayaw
Vehumet
Wu Jian
Xom
Yredelemnul
Zin
The Shining One

Shops:
D:9 :

Annotations:
D:4 pedritolo's ghost, amateur DECK
D:5 Pikel, exclusion: 2 slaves
D:6 exclusion: statue
D:9 exclusion: cyclops, Erolcha


Innate Abilities, Weirdness & Mutations

You have large cloven feet.
You have a pair of small horns on your head.
You are partially covered in iridescent scales. (AC +2)
Your system is resistant to poisons. (rPois)
You evolve.


Message History

You feel sick.
An orc warrior comes into view. It is wielding a long sword.
You feel sick.
The orc warrior shouts!
The howler monkey hoots and howls with incredible vigour!
You hear a shout! x8
You closely miss the orc warrior. Your kick misses the orc warrior.
You feel sick.
You hear a shout!
The orc warrior hits you with a long sword!!
* * * LOW HITPOINT WARNING * * *
You feel sick. The orc warrior closely misses you.
The cyan ugly thing punches you!
* * * LOW HITPOINT WARNING * * *
The cyan ugly thing shocks you!
* * * LOW HITPOINT WARNING * * *
Okay, then.
You feel better.
The orc warrior hits you with a long sword!
You die...

...##,,,,,###..o......,,,,,,,,,,,
....#,,>,,#...........,,,,,,>****
..#**,,,,,#.#.##.##+##**,,,***
#.###8,,,8#(#oo#.#*,* *,,,*
#...#**+*##..#h#.#*<* **+**
#.#..........#o#.###### *,*
#.#########..#.#......# *,* #.#
#..#o#o.###)# *,* #.#
#..#.u@...#)# *,# #.#
#..######.#)###.# #.#
#.......#.#(....# #.#
#.#####.#.)(....# #.# #.#
#.......#.# #.#########.#
####((..#,# #....†......#
#......# ############# ####.#.#
*####


You could see a cyan ugly thing, an orc warrior and an orc.

Vanquished Creatures
  A minotaur (Lab)
  A two-headed ogre (D:8)
  A hydra (D:12)
  2 ugly things
  2 hippogriffs (D:11)
  A human (D:7)
  4 hogs (D:7)
  7 yaks
  A basilisk (D:11)
  A hungry ghost (D:8)
  Duvessa (D:7)
  3 orc warriors
  2 ice beasts
  A sky beast (D:9)
  An eye of draining (D:9)
  A phantom (D:5)
  6 ogres
  2 centaurs
  A necrophage (D:9)
  A crocodile (D:11)
  2 big kobolds
  6 bullfrogs
  Dowan (D:7)
  A wyvern skeleton (D:12)
  5 scorpions
  6 killer bees (D:10)
  5 wights (D:6)
  A howler monkey (D:8)
  2 crimson imps
  9 hounds
  3 jellies
  A gnoll shaman (D:9)
  A bullfrog skeleton (D:9)
  2 centaur skeletons
  7 orc priests
  4 iguanas
  7 orc wizards
  8 worker ants
  A hound skeleton (D:11)
  A hound zombie (D:7)
  3 worker ant zombies
  6 gnolls
  A howler monkey skeleton (D:10)
  9 adders
  4 shadow imps
  An adder skeleton (D:6)
  4 worms
  2 dart slugs (D:1)
  10 leopard geckos
  40 orcs
  16 giant cockroaches
  6 goblins
  11 hobgoblins
  14 jackals
  21 kobolds
  3 quokkas
  6 bats
  6 frilled lizards
  2 leopard gecko zombies (D:5)
  A quokka zombie (D:6)
  6 rats
285 creatures vanquished.

Notes
Turn   | Place    | Note
-------+----------+-------------------------------------------
     0 | D:1      | tilp the Hill Orc Fire Elementalist began the quest for the Orb.
     0 | D:1      | Reached XP level 1. HP: 14/14 MP: 3/3
   452 | D:1      | Reached XP level 2. HP: 20/20 MP: 2/4
   456 | D:1      | Learned a level 2 spell: Throw Flame
   990 | D:1      | Reached XP level 3. HP: 26/26 MP: 3/5
  1601 | D:2      | Reached skill level 4 in Fire Magic
  1791 | D:2      | Reached XP level 4. HP: 33/33 MP: 7/7
  2215 | D:2      | Learned a level 3 spell: Conjure Flame
  3248 | D:3      | Reached XP level 5. HP: 32/38 MP: 3/8
  4290 | D:3      | Reached XP level 6. HP: 45/45 MP: 2/9
  4296 | D:3      | Learned a level 4 spell: Sticky Flame
  4958 | D:4      | Reached skill level 5 in Fire Magic
  5344 | D:4      | Noticed pedritolo's ghost (amateur DECK)
  5759 | D:3      | Upgraded the game from 0.21-a0-270-g8204059 to 0.21-a0-272-g984ae92
  6086 | D:5      | Entered Level 5 of the Dungeon
  6103 | D:5      | Reached XP level 7. HP: 50/50 MP: 3/11
  6185 | D:6      | Found a staircase to the Ecumenical Temple.
  6205 | Temple   | Entered the Ecumenical Temple
  6331 | Temple   | Became a worshipper of Warmaster Okawaru
  6834 | D:5      | Reached skill level 6 in Fire Magic
  7109 | D:5      | Reached skill level 5 in Conjurations
  7446 | D:5      | Reached * piety under Okawaru
  7572 | D:5      | Reached XP level 8. HP: 57/57 MP: 3/13
  7941 | D:5      | Got an encrusted war axe
  7942 | D:5      | Identified the +2 war axe of Zoseriu {freeze, rF+ Str+5 Dex+4} (You found it on level 5 of the Dungeon)
  8422 | D:6      | Reached skill level 7 in Fire Magic
  8681 | D:6      | Reached ** piety under Okawaru
  9208 | D:7      | Reached XP level 9. HP: 30/62 MP: 12/16
  9428 | D:6      | Found an opulent altar of Gozag.
  9537 | D:6      | Found a radiant altar of Vehumet.
  9744 | D:7      | Reached skill level 5 in Spellcasting
  9744 | D:7      | Reached skill level 8 in Fire Magic
 11027 | D:7      | Reached *** piety under Okawaru
 11053 | D:7      | Reached skill level 9 in Fire Magic
 11488 | D:7      | Noticed Duvessa
 11489 | D:7      | Noticed Dowan
 11617 | D:7      | Killed Duvessa
 11627 | D:7      | Killed Dowan
 11815 | D:7      | Learned a level 5 spell: Fireball
 11837 | D:8      | Noticed a two-headed ogre
 11848 | D:8      | Killed a two-headed ogre
 11848 | D:8      | Reached **** piety under Okawaru
 11848 | D:8      | Reached XP level 10. HP: 74/74 MP: 6/19
 12747 | D:8      | Found a sacrificial altar of Ru.
 12748 | D:8      | Found a burning altar of Makhleb.
 12748 | D:8      | Found a glowing golden altar of the Shining One.
 12748 | D:8      | Found a deep blue altar of Sif Muna.
 12755 | D:8      | Found a glowing silver altar of Zin.
 12966 | D:9      | Gained mutation: You occasionally shout uncontrollably at your foes. [mutagenic meat]
 12967 | D:9      | Gained mutation: You are partially covered in iridescent scales. (AC +2) [mutagenic meat]
 12968 | D:9      | Gained mutation: Your body sometimes deteriorates upon taking damage. [mutagenic meat]
 12969 | D:9      | Gained mutation: You are weak. (Str -2) [mutagenic meat]
 12970 | D:9      | Gained mutation: You have large cloven feet. [mutagenic meat]
 13002 | D:9      | Found Hifudomnue's Book Shoppe.
 13019 | D:9      | Lost mutation: You occasionally shout uncontrollably at your foes. [potion of mutation]
 13019 | D:9      | Lost mutation: Your body sometimes deteriorates upon taking damage. [potion of mutation]
 13019 | D:9      | Gained mutation: You have a pair of small horns on your head. [potion of mutation]
 13019 | D:9      | Lost mutation: You are weak. (Str -2) [potion of mutation]
 13019 | D:9      | Gained mutation: You evolve. [potion of mutation]
 13306 | D:9      | Noticed a cyclops
 13457 | D:9      | Received a gift from Okawaru
 13624 | D:9      | Noticed Erolcha
 13989 | D:10     | Entered Level 10 of the Dungeon
 14016 | D:10     | Noticed Harold
 14042 | D:10     | Reached ***** piety under Okawaru
 14042 | D:10     | Reached skill level 5 in Axes
 14046 | D:10     | Reached skill level 5 in Invocations
 14176 | D:10     | Got a pitted leather armour
 14193 | D:10     | Identified the +2 leather armour of Card Tricks {*Drain rPois Str-5 SInv} (You found it on level 10 of the Dungeon)
 14516 | D:10     | Reached skill level 5 in Fighting
 14879 | D:10     | Gained mutation: Your system is resistant to poisons. (rPois) [evolution]
 15185 | D:11     | Reached XP level 11. HP: 51/86 MP: 21/21
 15341 | D:11     | Noticed a green ugly thing
 15349 | D:11     | Killed a green ugly thing
 15973 | D:11     | Found a staircase to the Lair.
 15986 | D:11     | You fall through a shaft!
 15991 | D:12     | Found a labyrinth entrance.
 16038 | Lab      | Entered a labyrinth
 16505 | Lab      | Noticed a minotaur
 16514 | Lab      | Killed a minotaur
 16521 | Lab      | Got an ichor-stained hand axe
 16522 | Lab      | Identified the cursed +1 hand axe "Zakuc" {drain, rPois MP+9 Str+2} (You found it in a labyrinth)
 16552 | D:12     | Noticed a six-headed hydra
 16691 | D:12     | Killed a six-headed hydra
 16691 | D:12     | Received a gift from Okawaru
 16937 | D:12     | Noticed a purple ugly thing
 16937 | D:12     | Noticed a green ugly thing
 16951 | D:12     | Killed a purple ugly thing
 16955 | D:12     | HP: 2/92 [cyan ugly thing (12)]
 16956 | D:12     | Slain by an orc warrior

Vault maps used:
D:1:      saegor_arrival_miasma
D:2:      minmay_roachtagon, minmay_misc_feat_five
D:4:      first_bread, hangedman_abyss_or_decor_lesser_grid
D:5:      minmay_strange_pillars, minmay_lizard_king, uniq_pikel
D:6:      vehumet_statue, minmay_temple_entry_purple_smoke,
          grunt_gozag_breadcrumbs
D:7:      grunt_livestock, uniq_duvessa
D:8:      minitemple
D:9:      serial_shops, shop, uniq_erolcha
D:10:     uniq_harold
D:11:     david_lair_generic
D:12:     minmay_twisted_water, kennysheep_orc_monster_closet_entryway,
          special_room, lab_entry_generic, serial_shops, shop, uniq_snorg
Temple:   regret_index_temple_sphere_string
Lab:      labyrinth_watery, lab_block

Skill      XL: |  1  2  3  4  5  6  7  8  9 10 11 |
---------------+----------------------------------+-----
Conjurations   | 2 3 4 5 6 8 |  8.0
Fire Magic     | 4 5 6 7 9 |  9.2
Spellcasting   | 2 3 4 6 7 |  7.7
Fighting       | 2 5 7 |  7.2
Axes           | 2 5 8 |  8.1
Invocations    | 2 6 |  6.0
Dodging        | |  1.5
Stealth        | |  1.5

Action                   |  1- 3 |  4- 6 |  7- 9 | 10-12 || total
-------------------------+-------+-------+-------+-------++-------
Melee: Unarmed           |     6 |       |       |       ||     6
       Short sword       |    95 |    77 |       |       ||   172
       Dagger            |       |   184 |    36 |       ||   220
       Rapier            |       |       |    18 |       ||    18
       War axe           |       |       |   152 |   168 ||   320
       Kick              |       |       |       |    40 ||    40
       Headbutt          |       |       |       |    23 ||    23
Throw: Stone             |     3 |       |       |       ||     3
 Cast: Flame Tongue      |    22 |    48 |   161 |    70 ||   301
       Throw Flame       |    11 |    36 |    36 |    23 ||   106
       Sticky Flame      |       |     4 |     5 |    20 ||    29
       Conjure Flame     |       |     3 |    16 |    21 ||    40
       Fireball          |       |       |       |     4 ||     4
Invok: Heroism           |       |       |       |     3 ||     3
  Use: Scroll            |       |     9 |     2 |     8 ||    19
       Potion            |       |       |     1 |     5 ||     6
 Stab: Sleeping          |     1 |     4 |     3 |     1 ||     9
       Invisible         |       |       |       |     1 ||     1
  Eat: Chunk             |     4 |    13 |    18 |    21 ||    56
       Bread ration      |       |     1 |       |       ||     1
       Fruit             |       |       |     3 |     5 ||     8
Armor: Robe              |    23 |    62 |    48 |    41 ||   174
       Skin              |       |       |     9 |       ||     9
       Leather armour    |       |       |       |     4 ||     4
Dodge: Dodged            |    79 |   167 |   148 |   146 ||   540

Table legend:
 A = Spawn XP
 B = Non-spawn XP
 C = Spawn XP percentage of total XP
 D = Spawn monster count
 E = Non-spawn monster count
 F = Spawn count percentage of total count
 G = Total turns spent on level
                    A         B        C        D         E        F      G
               +---------+---------+-------+---------+---------+-------+---------
         Total |       0 |   14151 |   0.0 |       0 |     285 |   0.0 | 16956
               +---------+---------+-------+---------+---------+-------+---------
           D:1 |       0 |      42 |   0.0 |       0 |      23 |   0.0 |  1313
           D:2 |       0 |      76 |   0.0 |       0 |      27 |   0.0 |  1401
           D:3 |       0 |     221 |   0.0 |       0 |      44 |   0.0 |  2280
           D:4 |       0 |     252 |   0.0 |       0 |      11 |   0.0 |  1092
           D:5 |       0 |     988 |   0.0 |       0 |      39 |   0.0 |  1901
           D:6 |       0 |     894 |   0.0 |       0 |      21 |   0.0 |  1562
           D:7 |       0 |    2045 |   0.0 |       0 |      35 |   0.0 |  2190
           D:8 |       0 |    1664 |   0.0 |       0 |      12 |   0.0 |   895
           D:9 |       0 |    1045 |   0.0 |       0 |      24 |   0.0 |  1187
          D:10 |       0 |    1748 |   0.0 |       0 |      15 |   0.0 |  1052
          D:11 |       0 |    1970 |   0.0 |       0 |      17 |   0.0 |   945
          D:12 |       0 |    2088 |   0.0 |       0 |      16 |   0.0 |   476
           Lab |       0 |    1118 |   0.0 |       0 |       1 |   0.0 |   494
               +---------+---------+-------+---------+---------+-------+---------
